 Dungeon Crawl Stone Soup version 0.31.0-32-g396128a36d (webtiles) character file.

Game seed: 11793191375241313846

66185 drollins the Executioner (level 14, 0/137 HPs)
             Began as a Minotaur Berserker on Apr 12, 2024.
             Was a High Priest of Trog.
             Killed by divine providence
             ... invoked by an orc priest
              (8 damage)
             ... on level 2 of the Orcish Mines on Apr 13, 2024.
             The game lasted 01:11:28 (22094 turns).

drollins the Executioner (Minotaur Berserker)      Turns: 22094, Time: 01:11:29

Health: 0/137      AC: 27    Str: 33    XL:     14   Next: 78%
Magic:  13/13      EV:  9    Int:  4    God:    Trog [*****.]
Gold:   2145       SH:  0    Dex: 10    Spells: 13/13 levels left

rFire   . . .        j - +4 battleaxe
rCold   . . .        (shield currently unavailable)
rNeg    . . .        P - +2 plate armour {rPois}
rPois   +            (helmet restricted)
rElec   .            O - +1 cloak {Stlth+}
rCorr   .            n - +0 pair of gloves
SInv    +            m - +2 pair of boots
Will    +....        Z - amulet of faith Stlth
                     X - ring of Bingivos {Fly SInv}
HPRegen 0.42/turn    N - +6 ring of strength
MPRegen 0.13/turn

%: faith
@: marked, on berserk cooldown, flying, slowed, very slow
A: horns 2, retaliatory headbutt
a: Renounce Religion, Berserk, Trog's Hand, Brothers in Arms


You were on level 2 of the Orcish Mines.
You worshipped Trog.
Trog was extremely pleased with you.
You visited 3 branches of the dungeon, and saw 18 of its levels.
You also visited: Sewer, Ossuary and Bailey.

You collected 2145 gold pieces.

Inventory:

Hand Weapons
 h - a +0 whip of flaming
 j - a +4 battleaxe (weapon)
 W - a +0 war axe
Armour
 m - a +2 pair of boots (worn)
 n - a +0 pair of gloves (worn)
 O - a +1 cloak of stealth (worn)
 P - a +2 plate armour of poison resistance (worn)
 U - a +0 buckler
Jewellery
 f - a ring of positive energy
 p - an amulet of reflection
 r - a ring of protection from fire
 C - a ring of willpower
 L - a ring of protection from cold
 N - a +6 ring of strength (right hand)
 X - the ring of Bingivos (left hand) {Fly SInv}
   (You found it on level 2 of the Lair of Beasts)

   [ring of flight]

   SInv:      It lets you see invisible.
   Fly:       It grants you flight.
 Z - an amulet of faith (around neck)
Wands
 e - a wand of light (16)
 w - a wand of iceblast (2)
 y - a wand of flame (7)
 D - a wand of digging (14)
 I - a wand of polymorph (25)
 S - a wand of paralysis (6)
Scrolls
 d - 4 scrolls of blinking
 i - 8 scrolls of identify
 k - 4 scrolls of teleportation
 q - a scroll of fear {unknown}
 v - 6 scrolls of amnesia
 x - 2 scrolls of enchant weapon {unknown}
 E - a scroll of butterflies {unknown}
 F - 3 scrolls of poison {unknown}
 H - 3 scrolls of revelation
 J - 4 scrolls of fog {unknown}
 K - 2 scrolls of enchant armour {unknown}
 T - a scroll of torment {unknown}
 V - 2 scrolls of brand weapon {unknown}
Potions
 a - 2 potions of haste
 b - 4 potions of might
 c - 9 potions of curing
 g - 5 potions of brilliance
 t - 3 potions of magic
 u - 6 potions of heal wounds
 A - a potion of ambrosia
 B - 2 potions of invisibility
 G - a potion of cancellation
 M - 3 potions of enlightenment
 Q - 3 potions of resistance
 R - 3 potions of berserk rage
Miscellaneous
 l - a lightning rod (4/4)
 Y - a sack of spiders


   Skills:
 + Level 16.1 Fighting
 * Level 21.9 Axes
 + Level 15.9 Armour
 - Level 2.1 Dodging


You had 13 spell levels left.
You didn't know any spells.
Your spell library was empty.

Dungeon Overview and Level Annotations

Branches:
Dungeon (11/15)            Temple (0/1) D:4            Lair (5/5) D:9
  Swamp (0/4) Lair:2        Snake (0/4) Lair:2        Slime (0/5) Lair:4
    Orc (2/2) D:10            Elf (0/3) Orc:2         Sewer (visited)
Ossuary (visited)          Bailey (visited)

Altars:
Ashenzari
Cheibriados
Dithmenos
Elyvilon
Gozag
Kikubaaqudgha
Nemelex Xobeh
Okawaru
Uskayaw
Wu Jian
Xom
Zin
The Shining One

Shops:
D:5 ::   D:8 [*   D:9 *


Innate Abilities, Weirdness & Mutations

You have a pair of horns on your head.
You reflexively headbutt those who attack you in melee.


Message History

An orc warrior comes into view. It is wielding a +0 trident.
The orc warrior hits you but does no damage.
The orc warrior barely misses you. The orc priest closely misses you.
Items here: ( ))))))))))))))))))) [[[[[[[[[ †††††††††††.
The orc knight roars a battlecry!
The orc warrior attacks as it pursues you!
The orc warrior hits you but does no damage.
The orc warrior hits you from afar with a +0 glaive!!
* * * LOW HITPOINT WARNING * * *
You see here 23 gold pieces.
The orc priest mumbles some strange prayers to Beogh against you.
Beogh smites you!
* * * LOW HITPOINT WARNING * * *
The orc warrior attacks as it pursues you!
The orc warrior closely misses you.
The orc warrior attacks as it pursues you!
The orc warrior hits you but does no damage. x2
The orc knight roars a battlecry!
The orc warrior attacks as it pursues you!
The orc warrior hits you from afar with a +0 glaive!
* * * LOW HITPOINT WARNING * * *
The orc warrior attacks as it pursues you!
The orc warrior hits you but does no damage.
The orc knight no longer looks unusually strong.
The orc high priest no longer looks unusually strong.
The orc knight roars a battlecry!
The orcs go into a battle-frenzy!
The orc high priest prays to Beogh.
The orc warrior closely misses you.
The orc warrior hits you with a +0 hand axe!
* * * LOW HITPOINT WARNING * * *
You carve the orc warrior like a ham!!!
You kill the orc warrior!
Trog accepts your kill.
The orc priest no longer looks unusually strong.
The orc knight no longer looks unusually strong.
The orc warrior closely misses you.
The orc priest mumbles some strange prayers to Beogh against you.
Beogh smites you!
You die...

..#......#...#.....#.##
..............#.#....## ##
.............#........##.##
..........................#
.................#....##.##
......................# ##
.....................##
......................##
................@......# #.
..........#.....).....## ...
...........#...#.oo.### ...
.)).)).....##......o.### ..
....))......#..##...$#)#.#o#.#
######.....#...#.#.))o).ooooo.
#......#.#...##.ooo......
#.......#.... ##.o..o.o..
#...........# ##.#.#.#.#


You could see 4 orc knights, an orc high priest (strong), an orc warrior
(strong) and 2 orc priests.

Vanquished Creatures
  2 catoblepae
  6 hydras
  A boulder beetle (Lair:4)
  3 two-headed ogres
  A deep troll shaman (Lair:5)
  10 death yaks
  An orc high priest (Orc:2)
  Amaemon (D:8)
  Sonja (Lair:3)
  Nergalle (Lair:2)
  Pikel (D:5)
  4 lindwurms (Lair:2)
  3 orc knights
  An ugly thing (D:7)
  A kobold blastminer (Orc:1)
  Joseph (D:9)
  11 elephants
  9 black mambas
  3 torpor snails
  Maggie (D:8)
  2 rime drakes
  10 cane toads
  10 komodo dragons
  3 trolls
  3 hornets
  6 polar bears
  14 dream sheep
  16 blink frogs
  2 wyverns
  47 yaks
  Grum (D:8)
  A steam dragon (D:7)
  6 basilisks
  2 vampire mosquitoes (D:10)
  A naga (Lair:2)
  2 swamp worms (Lair:2)
  An acid dragon (D:8)
  19 water moccasins
  27 orc warriors
  3 black bears
  A sky beast (D:7)
  4 ice beasts
  3 ogres
  2 centaurs
  12 wolves
  3 phantoms
  2 kobold brigands (D:4)
  12 bullfrogs
  A gnoll sergeant (D:5)
  3 scorpions
  A burial acolyte (Ossuary)
  13 wights
  12 killer bees
  3 howler monkeys (D:10)
  2 electric eels (Lair:2)
  2 bombardier beetles
  A hound (D:5)
  Crazy Yiuf (D:3)
  15 jellies
  16 orc priests
  A gnoll bouda (Lair:3)
  2 iguanas (D:5)
  14 orc wizards
  A mummy (D:4)
  13 gnolls
  3 adders
  9 river rats
  3 shadow imps (D:7)
  3 white imps
  5 ufetubi
  2 dart slugs
  76 orcs
  2 bats (D:1)
  4 endoplasms
  5 giant cockroaches
  6 goblins
  13 hobgoblins
  7 quokkas
  13 ball pythons
  3 ball python skeletons (Ossuary)
  7 frilled lizards
  A hobgoblin skeleton (Ossuary)
  30 kobolds
  A kobold skeleton (Ossuary)
  2 kobold zombies (D:4)
  2 orc skeletons (Ossuary)
  34 rats
609 creatures vanquished.

Vanquished Creatures (collateral kills)
  A hydra (Lair:4)
  A two-headed ogre (D:9)
  3 death yaks (Lair:1)
  An orc knight (Bailey)
  Maurice (D:7)
  An orange demon (D:8)
  A wyvern (D:9)
  A black bear (D:9)
  A howler monkey (D:9)
11 creatures vanquished.

Grand Total: 620 creatures vanquished

Notes
Turn   | Place    | Note
-------+----------+-------------------------------------------
     0 | D:1      | drollins the Minotaur Berserker began the quest for the
                  | Orb.
     0 | D:1      | Reached XP level 1. HP: 19/19 MP: 0/0
   240 | D:1      | Reached skill level 4 in Axes
   243 | D:1      | Found a faded altar of an unknown god.
   253 | D:1      | Reached XP level 2. HP: 27/27 MP: 1/1
  1144 | D:2      | Reached ** piety under Trog
  1179 | D:2      | Reached XP level 3. HP: 31/33 MP: 2/2
  1905 | D:3      | Reached skill level 5 in Axes
  1905 | D:3      | Reached XP level 4. HP: 40/40 MP: 3/3
  2048 | D:3      | Found a white marble altar of Elyvilon.
  2075 | D:3      | Found a sparkling altar of Nemelex Xobeh.
  2538 | D:3      | Found a runed translucent door.
  2539 | D:3      | Noticed Crazy Yiuf
  2546 | D:3      | Killed Crazy Yiuf
  2733 | D:4      | Found a staircase to the Ecumenical Temple.
  2801 | D:4      | Found a sand-covered staircase.
  2805 | D:4      | Reached XP level 5. HP: 47/47 MP: 4/4
  2811 | Ossuary  | Entered an ossuary
  2866 | Ossuary  | Reached skill level 5 in Fighting
  2866 | Ossuary  | Reached skill level 6 in Axes
  3077 | Ossuary  | Noticed a laughing skull
  3140 | Ossuary  | Noticed a laughing skull
  3150 | Ossuary  | Reached XP level 6. HP: 56/56 MP: 5/5
  3190 | Ossuary  | Reached skill level 7 in Axes
  3653 | D:4      | Reached *** piety under Trog
  3777 | D:4      | Reached skill level 5 in Armour
  3777 | D:4      | Reached XP level 7. HP: 61/62 MP: 6/6
  4142 | D:4      | Reached skill level 8 in Axes
  4246 | D:4      | Found an ancient bone altar of Kikubaaqudgha.
  4253 | D:4      | Found a glowing golden altar of the Shining One.
  4724 | D:5      | Entered Level 5 of the Dungeon
  4813 | D:5      | Reached XP level 8. HP: 71/71 MP: 7/7
  4818 | D:5      | Found an opulent altar of Gozag.
  4849 | D:5      | Found a glowing silver altar of Zin.
  4871 | D:5      | Found Voic's Book Shoppe.
  5008 | D:5      | Found Exurem's Tremendous Tomes.
  5017 | D:5      | Noticed Pikel
  5029 | D:5      | Killed Pikel
  5030 | D:5      | Reached skill level 9 in Axes
  5099 | D:5      | Reached skill level 10 in Axes
  5120 | D:5      | Found a glowing drain.
  5131 | Sewer    | Entered a sewer
  5240 | Sewer    | Reached **** piety under Trog
  5769 | D:5      | Reached XP level 9. HP: 81/81 MP: 8/8
  6084 | D:6      | Reached skill level 11 in Axes
  6381 | D:6      | Found a shadowy altar of Dithmenos.
  6832 | D:7      | Found a hide-covered altar of Uskayaw.
  6832 | D:7      | Found a snail-covered altar of Cheibriados.
  6843 | D:7      | Noticed Maurice
  6847 | D:7      | Maurice stole 336 gold
  6990 | D:7      | Killed Maurice
  6991 | D:7      | Reached skill level 12 in Axes
  7253 | D:7      | Reached XP level 10. HP: 68/91 MP: 9/9
  7579 | D:7      | Reached skill level 13 in Axes
  7946 | D:7      | Found an ornate altar of the Wu Jian Council.
  7976 | D:7      | Noticed a green ugly thing
  7985 | D:7      | Killed a green ugly thing
  8270 | D:8      | Reached skill level 10 in Fighting
  8287 | D:8      | Found a flagged portal.
  8301 | Bailey   | Entered a bailey
  8523 | Bailey   | Noticed an orc knight
  8653 | Bailey   | Killed an orc knight
  8654 | Bailey   | Reached skill level 14 in Axes
  8654 | Bailey   | Reached skill level 10 in Armour
  8737 | Bailey   | Identified the staff of Dominance {Dex+3 Necro Earth}
  9005 | D:8      | Noticed Amaemon
  9005 | D:8      | Noticed an orange demon
  9009 | D:8      | Killed an orange demon
  9025 | D:8      | Killed Amaemon
  9434 | D:8      | Found Ecveth's Gadget Gallery.
  9499 | D:8      | Found Beno's Armour Shop.
  9562 | D:8      | Noticed Maggie
  9567 | D:8      | Killed Maggie
  9568 | D:8      | Noticed Grum
  9572 | D:8      | Reached XP level 11. HP: 101/101 MP: 10/10
  9580 | D:8      | Killed Grum
  9744 | D:9      | Found Fonnoim's General Store.
  9902 | D:9      | Noticed a two-headed ogre
  9915 | D:9      | Killed a two-headed ogre
  9919 | D:9      | Noticed a two-headed ogre
  9924 | D:9      | Killed a two-headed ogre
  9925 | D:9      | Reached skill level 15 in Axes
  9942 | D:9      | Found a staircase to the Lair.
 10143 | D:9      | Noticed Joseph
 10163 | D:9      | Killed Joseph
 10464 | D:9      | Found a broken altar of Ashenzari.
 10758 | D:10     | Entered Level 10 of the Dungeon
 10758 | D:10     | Found a shimmering altar of Xom.
 10834 | D:10     | Noticed a two-headed ogre
 10843 | D:10     | Killed a two-headed ogre
 11107 | D:10     | Paralysed by a hornet for 2 turns
 11305 | D:10     | Identified the +1 leather armour "Xelag" {rN++ Str+4}
 11339 | D:10     | Noticed a two-headed ogre
 11349 | D:10     | Reached skill level 16 in Axes
 11352 | D:10     | Killed a two-headed ogre
 11415 | D:10     | Found a staircase to the Orcish Mines.
 11928 | D:11     | Paralysed by a hornet for 3 turns
 12589 | Lair:1   | Entered Level 1 of the Lair of Beasts
 12609 | Lair:1   | Found an iron altar of Okawaru.
 12653 | Lair:1   | Reached XP level 12. HP: 93/112 MP: 11/11
 12730 | Lair:1   | Noticed a death yak
 12752 | Lair:1   | Noticed a death yak
 12762 | Lair:1   | Killed a death yak
 12763 | Lair:1   | Reached skill level 17 in Axes
 12764 | Lair:1   | Noticed a death yak
 12766 | Lair:1   | Killed a death yak
 12771 | Lair:1   | Killed a death yak
 13627 | Lair:2   | Noticed Nergalle
 13648 | Lair:2   | Killed Nergalle
 13805 | Lair:2   | Found a staircase to the Snake Pit.
 13920 | Lair:2   | Reached skill level 18 in Axes
 14324 | Lair:2   | Found a staircase to the Swamp.
 14980 | Lair:2   | Identified the ring of Bingivos {Fly SInv}
 15520 | Lair:3   | Reached XP level 13. HP: 123/123 MP: 12/12
 16126 | Lair:3   | Noticed Sonja
 16140 | Lair:3   | Killed Sonja
 16141 | Lair:3   | Reached skill level 19 in Axes
 16335 | Lair:3   | Identified the +7 orcbow of Vanity {elec, Str+4 Dex+3}
 17225 | Lair:4   | Identified the +7 rapier of Moral Flaws {heavy, rN+ Int+3
                  | Dex+4}
 18039 | Lair:4   | Found a staircase to the Slime Pits.
 18699 | Lair:5   | Entered Level 5 of the Lair of Beasts
 18730 | Lair:5   | Reached skill level 20 in Axes
 19180 | Lair:5   | Reached skill level 15 in Fighting
 19254 | Lair:5   | Reached XP level 14. HP: 135/135 MP: 13/13
 19291 | Lair:5   | Reached skill level 15 in Armour
 19303 | Lair:5   | Reached ***** piety under Trog
 19946 | Lair:5   | Reached skill level 21 in Axes
 20622 | Lair:5   | Received a gift from Trog
 21120 | Orc:1    | Entered Level 1 of the Orcish Mines
 21669 | Orc:2    | Entered Level 2 of the Orcish Mines
 21910 | Orc:2    | Found a staircase to the Elven Halls.
 22094 | Orc:2    | Killed from afar by an orc priest

Illustrated notes

Levels and vault maps discovered:
D:1:      dpeg_arrival_boxes_within_box, layout_basic, basic_ecumenical_altar,
          nicolae_concentric_dashed_squares_wild, minivault_24
D:2:      wad_woods_settlement, layout_basic, kennysheep_crisscross
D:3:      layout_loops_ring, nicolae_elyvilon_temple_path,
          amcnicky_altar_gilded, nicolae_houndstooth_variations,
          uniq_crazy_yiuf_cottage
D:4:      cheibrodos_thug_alley, layout_cave_pods, minitemple, temple_green,
          nicolae_ossuary_entry_giza
D:5:      layout_loops_ring, pdpol_temple_overflow_zin_treasury_gozag_greed,
          portal_sewer_entry_e, serial_shops, shop, minmay_misc_feat_doors,
          nicolae_shop_i_like_big_books, uniq_pikel
D:6:      layout_loops_ring, grunt_dithmenos_shadows
D:7:      minmay_spotlight, layout_cave_pods,
          nicolae_wu_jian_immortal_techniques,
          chequers_temple_overflow_statue_of_worship,
          kennysheep_generic_room_10, uniq_maurice
D:8:      layout_basic, serial_shops, nicolae_shop_back_alley_shop,
          enter_bailey_4, nicolae_shop_gadgets, uniq_amaemon, uniq_maggie,
          uniq_grum
D:9:      layout_basic, mainiacjoe_overflow_alcove_2, david_lair_generic,
          serial_rivers, chequers_serial_rivers_large_a,
          chequers_serial_rivers_micro_a, chequers_serial_rivers_room_a,
          chequers_serial_rivers_marsh, chequers_serial_rivers_small_a,
          serial_shops, nicolae_shop_waterfront, uniq_joseph
D:10:     layout_grid_maze, xom_butterflies, orc_0_dummy
D:11:     layout_layer_cave
Lair:1:   layout_regular_city, basic_altar
Lair:2:   layout_layer_cave, nicolae_swamp_entry_splash_gauntlet,
          guppyfry_snake_entry_island, minmay_lindwurm_lava, uniq_nergalle
Lair:3:   dreamdust_cave_troll, layout_cave_shapes, dreamdust_gnoll_shepherd,
          grunt_megastairs_4, uniq_sonja
Lair:4:   layout_gridlike, minmay_slime_entry_jelly_boxes
Lair:5:   grunt_lair_end_beastmaster, layout_hall_layers, serial_bayou_shore_b,
          grunt_megastairs_3
Orc:1:    layout_caves
Orc:2:    st_orc_pillars, layout_caves, led_sif_book

Skill      XL: |  1  2  3  4  5  6  7  8  9 10 11 12 13 14 |
---------------+-------------------------------------------+-----
Axes           | 4 5 6 7 8 10 12 14 16 18 20 21 | 21.9
Fighting       | 4 5 6 7 9 10 12 13 15 16 | 16.1
Armour         | 3 4 5 6 7 9 10 12 13 14 15 | 15.9
Dodging        | |  2.1

Action                     |  1- 3 |  4- 6 |  7- 9 | 10-12 | 13-15 || total
---------------------------+-------+-------+-------+-------+-------++-------
  Melee: Hand axe          |    78 |    66 |       |       |       ||   144
         Headbutt          |     9 |    14 |    42 |    73 |   166 ||   304
         Punch             |       |     1 |       |       |       ||     1
         Battleaxe         |       |    23 |   269 |   419 |   151 ||   862
         Unarmed           |       |       |     3 |       |       ||     3
         War axe           |       |       |       |     6 |   373 ||   379
         Whip              |       |       |       |       |    89 ||    89
 Invoke: Berserk           |       |     4 |    13 |    19 |    16 ||    52
         Brothers in Arms  |       |       |     1 |     4 |     3 ||     8
  Evoke: Wand              |       |       |       |     9 |     8 ||    17
    Use: Scroll            |       |       |    11 |    12 |       ||    23
   Stab: Petrified         |       |       |       |       |     6 ||     6
 Armour: Animal skin       |     7 |       |       |       |       ||     7
         Scale mail        |    31 |    64 |   234 |    72 |       ||   401
         Skin              |       |       |    67 |       |       ||    67
         Plate armour      |       |       |       |   277 |   544 ||   821
  Dodge: Dodged            |    45 |    45 |   180 |   168 |   237 ||   675
  Block: Other             |       |     5 |    77 |    80 |       ||   162
         Buckler           |       |       |       |     1 |    86 ||    87
